Map: Cañón atribulado

Players

MrFercho - Winner!

  • Race: Terran Terran
  • League: Silver
  • Spawn Location: 12:00

tigro - Winner!

  • Race: Terran Terran
  • League: Bronze
  • Spawn Location: 12:00

TATORREA - Winner!

  • Race: Protoss Protoss
  • League: Silver
  • Spawn Location: 3:00

Lion

  • Race: Protoss Protoss
  • Spawn Location: 7:00

Ryder

  • Race: Terran Terran
  • League: Bronze
  • Spawn Location: 6:00

Lightning

  • Race: Zerg Zerg
  • Spawn Location: 6:00

VOD

Have the link to the VOD?

Description

Time

  • Played on: May 31, 2020, 7:24 p.m.
  • Length: 26:08
Show
View Real Time Build Order
Export as new Build Order

MrFercho Terran - Winner!

Build Orders:  

Get SALT Encoding   

  12  0:02  SCV  
  13  0:14  SCV  
  14  0:26  SCV  
  15  0:44  Supply Depot  
  15  1:06  SCV  
  16  1:16  Barracks  
  16  1:17  Command Center  
  16  1:25  Refinery  
  16  1:28  SCV  
  16  1:29  Refinery  
  17  1:44  SCV  
  18  2:07  Orbital Command  
  18  2:20  Barracks Reactor  
  18  2:26  Supply Depot  
  18  2:33  SCV  
  19  2:45  SCV  
  20  2:57  SCV  
  21  2:58  SCV  
  22  3:10  SCV  
  22  3:11  Supply Depot  
  23  3:16  Marine  
  23  3:17  Marine  
  25  3:22  SCV  
  26  3:34  Marine x2, SCV  
  29  3:43  Factory  
  29  3:46  Factory, Orbital Command  
  29  3:50  Refinery  
  29  3:52  Marine x2  
  31  4:09  Marine  
  31  4:10  Marine  
  31  4:13  SCV  
  34  4:20  SCV  
  35  4:25  SCV  
  36  4:32  SCV  
  36  4:37  Factory Tech Lab x2, SCV  
  38  4:42  Armory  
  38  4:44  SCV  
  39  4:50  SCV  
  40  4:56  SCV  
  41  5:02  SCV  
  42  5:08  SCV  
  43  5:20  SCV  
  44  5:21  Starport  
  44  5:23  Starport  
  44  5:25  Starport  
  44  5:30  Armory  
  44  5:32  SCV  
  45  5:44  SCV  
  45  5:45  Refinery  
  46  5:51  SCV  
  46  5:56  SCV  
  48  5:58  Command Center  
  48  6:00  Starport  
  48  6:03  Starport  
  48  6:04  SCV  
  49  6:09  SCV  
  50  6:16  SCV  
  51  6:21  SCV  
  52  6:28  SCV  
  53  6:33  SCV  
  53  6:37  Supply Depot  
  54  6:40  Supply Depot  
  54  6:53  Engineering Bay  
  54  6:58  Viking x4  
  62  7:01  Viking  
  62  7:04  Supply Depot  
  62  7:07  Supply Depot  
  64  7:25  Command Center  
  64  7:28  Viking x3  
  70  7:35  Orbital Command  
  70  8:23  Viking  
  70  8:24  Viking x4, Orbital Command  
  80  8:38  Terran Ship Weapons Level 1  
  80  8:39  Terran Vehicle And Ship Armor Level 1  
  80  8:53  Viking  
  80  8:54  Viking x4  
  84  9:23  Viking x2  
  78  10:13  Widow Mine x2  
  82  10:19  Viking x2  
  82  10:20  Viking x3  
  92  10:27  Orbital Command, Refinery  
  92  10:34  Widow Mine x2  
  96  10:49  Viking x2  
  100  10:50  Viking x3  
  100  10:53  Refinery  
  100  10:54  SCV  
  100  10:55  Widow Mine  
  100  10:56  Widow Mine  
  111  11:06  SCV  
  112  11:17  Widow Mine x2  
  112  11:18  Supply Depot  
  116  11:19  Supply Depot  
  116  11:21  Supply Depot  
  116  11:22  Supply Depot  
  116  11:23  Supply Depot x2  
  116  11:39  Viking x2, Widow Mine x2  
  124  11:40  Viking  
  124  11:41  SCV  
  124  11:47  Supply Depot  
  127  11:51  Missile Turret  
  127  11:53  SCV  
  127  11:54  Missile Turret  
  128  11:55  Missile Turret  
  128  11:57  Missile Turret x2  
  128  12:05  SCV  
  129  12:20  Missile Turret  
  129  12:21  Missile Turret x2  
  129  12:23  Missile Turret  
  129  12:29  Missile Turret  
  129  12:33  Terran Vehicle And Ship Armor Level 2, Terran Ship Weapons Level 2  
  129  12:41  Widow Mine x2  
  133  12:47  Viking  
  133  12:48  Viking x4  
  143  12:58  Drilling Claws  
  143  13:02  Widow Mine x2  
  147  13:17  Viking  
  147  13:18  Viking x4  
  157  13:23  Widow Mine  
  157  13:24  Widow Mine  
  161  13:45  Widow Mine x2  
  161  13:47  Viking  
  161  13:48  Viking x4  
  175  14:06  Widow Mine  
  175  14:07  Widow Mine  
  177  14:17  Viking  
  177  14:18  Viking x4  
  169  14:47  Viking  
  131  15:19  Viking  
  131  15:20  Viking x4  
  139  15:47  SCV  
  139  15:49  Viking  
  142  15:50  Viking x4  
  150  15:59  SCV  
  151  16:12  SCV  
  152  16:19  Viking  
  152  16:20  Viking x4  
  152  16:24  SCV  
  159  16:32  Terran Vehicle And Ship Armor Level 3, Terran Ship Weapons Level 3  
  159  16:36  SCV  
  160  16:49  Viking  
  160  16:50  Viking x3  
  168  16:59  Refinery  
  168  17:01  Refinery  
  112  18:17  Viking x5  
  122  18:47  Viking x5  
  132  18:49  Widow Mine  
  132  18:50  Widow Mine  
  128  19:11  Widow Mine x2  
  132  19:17  Viking x5  
  142  19:32  Widow Mine  
  142  19:33  Widow Mine  
  146  19:47  Viking x5  
  156  19:54  Widow Mine x2  
  156  19:58  Terran Vehicle Weapons Level 1  
  160  20:15  Widow Mine x2  
  160  20:17  Viking x4  
  154  22:51  Viking  
  154  22:52  Viking x4  
  154  23:21  Viking  
  154  23:22  Viking x4  
  161  23:51  Viking  
  161  23:52  Viking x4  
  162  24:21  Viking x2  
  162  24:22  Viking x3  
  172  24:51  Viking x4  
  172  24:52  Viking  
Show
View Real Time Build Order
Export as new Build Order

tigro Terran - Winner!

Build Orders:  

Get SALT Encoding   

  12  0:03  SCV  
  13  0:15  SCV  
  14  0:22  Supply Depot  
  14  0:27  SCV  
  15  0:36  Refinery  
  15  0:43  SCV  
  16  0:53  Barracks  
  16  0:58  SCV  
  17  1:10  SCV  
  18  1:17  Refinery  
  18  1:21  Supply Depot  
  18  1:22  SCV  
  19  1:35  SCV  
  20  1:42  Marine  
  20  1:47  SCV  
  22  1:59  SCV  
  22  2:00  Marine  
  24  2:10  Barracks  
  24  2:11  SCV  
  25  2:18  Marine  
  26  2:23  SCV  
  26  2:25  Engineering Bay  
  27  2:36  Marine, Orbital Command  
  28  2:53  Marine  
  28  2:55  Factory  
  29  2:59  Barracks Tech Lab  
  29  3:07  Terran Infantry Weapons Level 1  
  29  3:14  Barracks Tech Lab  
  29  3:19  Stimpack  
  29  3:23  Marine  
  30  3:32  Combat Shield  
  30  3:37  Marine  
  30  3:41  Marine, Factory Tech Lab  
  32  3:55  Marine  
  32  3:58  Marine  
  34  4:13  Command Center  
  34  4:14  Siege Tank  
  37  4:34  Refinery  
  37  4:59  Concussive Shells  
  37  5:02  Terran Infantry Armor Level 1  
  37  5:26  Starport  
  37  5:28  Planetary Fortress  
  37  6:04  Armory  
  37  6:54  Missile Turret  
  37  6:56  Neosteel Armor  
  37  7:07  Medivac  
  39  7:14  Fusion Core  
  39  7:17  Missile Turret  
  40  7:22  SCV  
  40  7:35  SCV  
  41  7:47  SCV  
  41  7:50  Missile Turret  
  42  7:53  Refinery  
  42  7:59  SCV  
  43  8:11  SCV  
  44  8:19  Missile Turret  
  44  8:23  Marine x2  
  46  8:31  Starport Tech Lab  
  46  8:33  Weapon Refit  
  46  8:36  Hi-Sec Auto Tracking  
  46  8:40  Starport  
  46  8:41  Marine x2  
  48  8:52  Siege Tank, Missile Turret  
  51  8:59  Marine x2  
  53  9:04  SCV  
  54  9:16  Supply Depot, Marine, SCV  
  54  9:17  Marine  
  55  9:21  Missile Turret  
  55  9:23  Starport Tech Lab  
  57  9:28  SCV  
  58  9:32  Terran Infantry Weapons Level 2  
  58  9:34  Marine x2  
  60  9:39  Supply Depot  
  60  9:41  Cloaking Field, SCV  
  60  9:44  Battlecruiser  
  60  9:45  Missile Turret  
  67  9:53  SCV  
  66  10:03  Missile Turret  
  59  10:13  Rapid Reignition System  
  58  10:38  Marine x2  
  50  10:56  Marine x2  
  52  10:58  Medivac  
  54  11:10  Advanced Ballistics  
  54  11:14  Marine x2  
  56  11:21  Battlecruiser  
  62  11:28  Battlecruiser  
  62  11:32  Marine x2  
  70  11:48  Terran Infantry Armor Level 2  
  70  11:49  Marine  
  70  11:50  Marine  
  64  12:10  Marine x2  
  66  12:28  Marine x2  
  57  12:46  Marine x2  
  55  13:04  Marine x2  
  54  13:11  Siege Tank  
  57  13:21  Marine  
  57  13:22  Marine  
  59  13:34  Command Center  
  59  13:39  Medivac, Marine x2  
  63  13:43  Battlecruiser, Siege Tank  
  72  13:57  Marine x2  
  68  14:15  Marine x2  
  62  14:33  Marine x2  
  52  15:07  Marine  
  52  15:08  Marine  
  48  15:25  Marine x2  
  39  15:43  Marine x2  
  40  15:58  Medivac  
  40  16:01  Marine x2  
  44  16:17  Refinery  
  44  16:19  Marine x2  
  46  16:28  Battlecruiser  
  52  16:35  Refinery  
  52  16:49  Marine x2  
  54  17:02  Missile Turret  
  54  17:06  Marine  
  54  17:07  Marine  
  56  17:24  Marine x2  
  56  17:26  Missile Turret  
  58  17:32  Battlecruiser  
  64  17:42  Marine x2  
  66  17:48  Battlecruiser  
  66  17:49  Missile Turret  
  72  18:00  Marine x2  
  74  18:27  Missile Turret  
  67  18:37  Battlecruiser  
  56  18:52  Battlecruiser  
  62  19:12  Marine x2  
  64  19:30  Marine x2  
  66  19:41  Battlecruiser  
  72  19:48  Marine x2  
  74  19:57  Battlecruiser  
  80  20:06  Marine x2  
  82  20:23  Marine  
  82  20:24  Marine  
  84  20:41  Marine x2  
  86  20:45  Medivac  
  69  21:01  Medivac  
  65  21:15  Battlecruiser  
  64  21:31  Battlecruiser  
  64  22:19  Battlecruiser  
  70  22:23  Marine x2  
  72  22:35  Battlecruiser  
  66  22:40  Marine  
  66  22:41  Marine  
  62  22:58  Marine x2  
  64  23:16  Marine x2  
  66  23:23  Medivac  
  68  23:34  Marine x2  
  68  23:39  Battlecruiser  
  76  23:53  Battlecruiser  
  82  24:17  Marine  
  82  24:18  Marine  
  80  24:35  Marine x2  
  82  24:44  Battlecruiser  
  84  24:53  Marine x2  
  84  24:58  Battlecruiser  
  86  25:11  Marine x2  
  86  25:29  Marine x2  
  74  25:47  Marine x2  
Show
View Real Time Build Order
Export as new Build Order

TATORREA Protoss - Winner!

Build Orders: Carriers 

Get SALT Encoding   

  12  0:01  Probe  
  13  0:34  Pylon  
  13  0:36  Probe  
  14  0:48  Probe  
  14  0:49  Assimilator  
  15  1:00  Probe  
  16  1:17  Probe  
  17  1:19  Gateway x2  
  17  1:30  Pylon  
  17  1:37  Probe  
  18  1:49  Probe  
  19  2:05  Nexus  
  19  2:13  Probe  
  20  2:17  Assimilator  
  20  2:18  Cybernetics Core  
  20  2:25  Probe  
  21  2:37  Probe  
  22  2:52  Probe  
  23  3:04  Probe  
  24  3:11  Pylon  
  24  3:15  Stalker x2 (Chrono Boost), Pylon  
  24  3:18  Pylon  
  28  3:20  Warp Gate (Chrono Boost)  
  28  3:27  Probe x2  
  30  3:37  Stalker (Chrono Boost)  
  30  3:38  Stalker (Chrono Boost)  
  34  3:46  Probe x2  
  36  3:59  Probe x2  
  38  4:10  Gateway  
  38  4:11  Probe x2  
  38  4:12  Gateway  
  40  4:25  Probe x2  
  42  4:33  Twilight Council  
  42  4:35  Forge  
  42  4:37  Probe x2  
  44  4:42  Stalker  
  46  4:45  Stalker  
  46  4:49  Probe  
  46  4:50  Probe  
  50  5:04  Charge  
  50  5:07  Probe  
  50  5:08  Probe  
  50  5:13  Protoss Ground Weapons Level 1 (Chrono Boost)  
  52  5:14  Assimilator  
  52  5:18  Assimilator  
  52  5:20  Stalker x2  
  56  5:24  Probe x2  
  58  5:29  Robotics Facility  
  58  5:34  Stargate  
  58  5:37  Stargate  
  58  5:41  Probe x2  
  60  5:55  Pylon  
  60  5:59  Pylon  
  60  6:04  Pylon  
  60  6:09  Stalker, Pylon  
  60  6:10  Stalker  
  64  6:18  Pylon  
  64  6:20  Warp Prism  
  64  6:21  Pylon  
  64  6:24  Oracle  
  69  6:29  Oracle  
  72  6:36  Stalker  
  74  6:54  Nexus  
  74  6:59  Blink  
  74  7:01  Observer  
  75  7:49  Zealot  
  75  7:50  Zealot x2  
  75  7:51  Zealot  
  79  8:13  Zealot  
  79  8:14  Zealot x3  
  45  8:49  Observer  
  46  9:02  Void Ray  
  46  9:03  Void Ray  
  46  9:07  Stalker  
  46  9:08  Stalker x3  
  62  9:15  Probe x3  
  65  9:24  Gateway  
  65  9:25  Gateway  
  65  9:27  Probe x3  
  65  9:28  Gateway  
  65  9:31  Gateway  
  68  9:35  Gateway  
  68  9:38  Gateway  
  68  9:39  Probe x3  
  68  9:40  Gateway  
  68  9:41  Protoss Ground Weapons Level 2 (Chrono Boost)  
  71  9:45  Oracle  
  71  9:51  Stalker x3, Pylon, Probe x3  
  71  9:52  Stalker  
  85  9:54  Pylon  
  85  9:55  Void Ray  
  85  9:57  Pylon  
  85  10:03  Pylon, Probe x3  
  92  10:12  Void Ray  
  92  10:14  Fleet Beacon  
  92  10:16  Robotics Bay  
  96  10:32  Protoss Air Weapons Level 1  
  96  10:34  Void Ray  
  96  10:35  Observer  
  97  10:41  Zealot x3  
  97  10:42  Zealot x4  
  113  10:43  Zealot x3  
  86  11:36  Carrier x2  
  90  12:22  Anion Pulse-Crystals  
  82  12:24  Extended Thermal Lance  
  82  12:25  Colossus  
  88  12:43  Assimilator x2  
  88  12:57  Protoss Ground Weapons Level 3, Nexus  
  88  13:06  Stalker x2  
  88  13:07  Stalker  
  88  13:08  Stalker  
  96  13:42  Assimilator  
  96  13:48  Assimilator  
  96  13:59  Colossus  
  102  14:04  Tempest  
  102  14:08  Protoss Air Weapons Level 2 (Chrono Boost)  
  107  14:10  Zealot x3  
  107  14:11  Zealot x4  
  107  14:12  Zealot x4  
  84  15:27  Phoenix x2  
  88  15:32  Stalker x2  
  88  15:33  Stalker x4  
  88  15:34  Stalker x3  
  88  15:35  Stalker x2  
  110  15:44  Phoenix x2  
  110  15:49  Protoss Ground Armor Level 1  
  114  16:08  Phoenix x2  
  118  16:27  Zealot x3  
  118  16:28  Zealot x3  
  118  16:29  Zealot x4  
  138  16:33  Tempest  
  138  16:34  Carrier (Chrono Boost)  
  149  16:40  Colossus  
  155  17:13  Carrier (Chrono Boost)  
  161  17:28  Zealot x4  
  161  17:29  Zealot x4  
  177  17:30  Zealot  
  177  17:34  Observer  
  180  17:58  Protoss Shields Level 1  
  178  18:19  Immortal  
  176  18:20  Carrier x2  
  89  18:51  Zealot x3  
  89  18:52  Zealot x5  
  89  18:53  Zealot x3  
  111  18:58  Colossus  
  117  19:15  Stalker x3  
  117  19:16  Stalker x4  
  131  19:17  Stalker  
  139  19:24  Carrier x2  
  139  19:27  Protoss Air Weapons Level 3  
  145  20:06  Protoss Ground Armor Level 2  
  145  20:28  Tempest x2  
  150  20:33  Assimilator  
  155  20:37  Assimilator  
  155  20:40  Nexus  
  155  20:45  Zealot x2  
  155  20:46  Zealot x4  
  155  20:47  Zealot x3  
  155  20:48  Zealot x2  
  112  22:18  Protoss Air Armor Level 1  
  59  22:45  Carrier x2  
  59  22:48  Zealot  
  59  22:49  Zealot x4  
  59  22:50  Zealot x4  
  59  22:51  Zealot x2  
  91  22:56  Protoss Ground Armor Level 3  
  93  23:02  Unknown  
  93  23:26  Zealot  
  95  23:27  Zealot x3  
  95  23:28  Zealot x4  
  95  23:29  Zealot x2  
  113  23:49  Tempest x2  
  94  24:31  Zealot x2  
  94  24:32  Zealot x4  
  94  24:33  Zealot x4  
  94  24:34  Zealot  
  94  24:37  Carrier  
  94  24:38  Carrier  
  110  25:15  Zealot x4  
  110  25:16  Zealot x3  
  110  25:17  Zealot x4  
Show
View Real Time Build Order
Export as new Build Order

Lion Protoss 

Build Orders:  

Get SALT Encoding   

  12  0:40  Probe (Chrono Boost)  
  14  0:51  Assimilator, Probe (Chrono Boost)  
  14  0:55  Pylon  
  14  0:56  Probe (Chrono Boost)  
  15  1:04  Pylon  
  15  1:13  Probe  
  16  1:26  Probe  
  17  1:35  Gateway  
  17  1:36  Gateway  
  17  1:41  Pylon  
  17  1:51  Forge  
  17  1:58  Pylon  
  17  2:01  Probe (Chrono Boost)  
  18  2:12  Assimilator, Probe (Chrono Boost)  
  19  2:16  Probe (Chrono Boost)  
  20  2:27  Probe  
  20  2:28  Cybernetics Core  
  21  2:44  Pylon  
  21  2:48  Pylon  
  21  2:53  Protoss Ground Weapons Level 1  
  21  3:03  Zealot x2  
  25  3:18  Stargate  
  25  3:25  Pylon  
  25  3:30  Zealot x2  
  29  3:50  Robotics Facility  
  29  3:57  Stalker  
  31  4:12  Void Ray  
  35  5:01  Protoss Ground Armor Level 1  
  35  5:07  Protoss Air Weapons Level 1  
  35  5:44  Stalker  
  35  5:46  Void Ray  
  41  6:04  Stargate  
  41  6:14  Stalker  
  43  6:18  Nexus  
  43  6:26  Pylon  
  43  6:33  Pylon  
  43  6:37  Void Ray  
  47  6:44  Assimilator  
  47  6:48  Gateway  
  47  6:58  Gateway  
  47  7:02  Pylon  
  47  7:11  Pylon  
  47  7:16  Photon Cannon  
  47  7:32  Photon Cannon  
  47  7:37  Probe  
  47  7:41  Assimilator  
  48  7:49  Probe  
  49  7:55  Stalker  
  51  8:01  Probe  
  40  8:23  Photon Cannon  
  40  8:55  Photon Cannon  
  40  8:57  Probe (Chrono Boost)  
  41  9:07  Probe (Chrono Boost)  
  42  9:12  Probe (Chrono Boost)  
  43  9:23  Photon Cannon, Probe  
  44  9:26  Photon Cannon  
  44  9:35  Probe  
  45  9:39  Sentry x2  
  49  9:47  Probe  
  49  9:50  Fleet Beacon  
  50  10:05  Stalker x2  
  46  10:18  Void Ray, Protoss Air Armor Level 1  
  44  10:38  Zealot  
  44  10:39  Stalker  
  44  10:55  Adept  
  44  10:56  Stalker  
  48  11:01  Probe  
  39  11:13  Probe  
  36  11:24  Tempest  
  36  11:25  Stalker, Probe  
  44  11:37  Probe  
  45  11:43  Protoss Shields Level 1  
  42  12:11  Photon Cannon  
  42  12:16  Photon Cannon  
  42  12:20  Photon Cannon  
  41  12:24  Pylon  
  41  12:31  Void Ray x2  
  49  12:46  Photon Cannon  
  49  12:53  Pylon  
  49  13:25  Nexus  
  49  13:29  Gateway  
  49  13:34  Photon Cannon  
  49  13:36  Stalker  
  51  13:51  Stalker  
  51  13:55  Probe (Chrono Boost)  
  54  14:05  Probe (Chrono Boost)  
  41  14:37  Void Ray  
  32  15:02  Probe  
  32  15:14  Probe  
  29  15:26  Probe  
  30  15:38  Probe  
  31  15:50  Probe  
  26  16:39  Nexus  
  26  16:52  Probe  
  27  16:59  Assimilator  
  27  17:04  Assimilator  
  27  17:05  Probe  
  28  17:14  Pylon  
  28  17:36  Pylon  
  14  18:55  Nexus  
  12  19:38  Void Ray  
  16  20:25  Probe (Chrono Boost)  
  18  20:36  Probe (Chrono Boost)  
  18  20:39  Pylon  
  18  20:40  Probe (Chrono Boost)  
  19  20:51  Probe  
  20  21:01  Void Ray  
    22:49  Void Ray  
Show
View Real Time Build Order
Export as new Build Order

Ryder Terran 

Build Orders:  

Get SALT Encoding   

  12  0:01  SCV  
  13  0:13  SCV  
  14  0:22  Supply Depot  
  14  0:37  Supply Depot, SCV  
  15  0:50  SCV  
  15  0:51  Barracks  
  16  1:03  Supply Depot  
  16  1:10  SCV, Refinery  
  17  1:40  Refinery  
  17  1:42  SCV  
  18  1:54  SCV  
  18  1:56  Engineering Bay  
  18  1:59  Barracks Reactor  
  19  2:06  SCV  
  20  2:18  SCV  
  21  2:32  Command Center  
  21  2:34  Orbital Command  
  21  2:40  Marine  
  21  2:42  Marine  
  23  2:58  Marine  
  24  3:00  Marine  
  25  3:08  Factory  
  25  3:13  SCV  
  26  3:25  SCV  
  27  3:33  Marine x2  
  29  3:37  SCV  
  30  3:48  Orbital Command  
  30  3:50  Marine  
  30  3:51  Marine  
  30  3:53  SCV  
  33  4:05  SCV  
  33  4:08  Marine  
  33  4:09  Marine, Factory Tech Lab  
  36  4:17  SCV  
  36  4:21  Starport  
  37  4:26  Marine x2, SCV  
  37  4:29  SCV  
  41  4:31  Siege Tank  
  44  4:38  SCV  
  44  4:41  SCV  
  46  4:50  SCV  
  47  4:54  SCV  
  48  5:03  Siege Tank, SCV  
  48  5:05  Starport, Starport Tech Lab  
  48  5:06  SCV  
  53  5:11  Infernal Pre-Igniter  
  53  5:15  SCV  
  54  5:25  Supply Depot  
  54  5:36  Armory  
  54  5:43  Starport Tech Lab  
  54  5:46  Starport, SCV x2  
  54  5:47  Supply Depot  
  56  5:59  SCV x2  
  58  6:10  Supply Depot, Refinery  
  58  6:11  SCV x2  
  60  6:12  Refinery  
  60  6:23  SCV  
  60  6:25  Fusion Core  
  61  6:28  Armory  
  61  6:30  Starport Tech Lab  
  61  6:32  Starport  
  61  6:33  Supply Depot  
  61  6:35  SCV  
  61  6:37  Engineering Bay  
  62  6:56  Supply Depot  
  62  7:00  SCV  
  63  7:12  SCV  
  64  7:16  Armory, Command Center, Starport Tech Lab  
  64  7:28  Missile Turret  
  64  7:30  Medivac  
  64  7:32  Battlecruiser  
  72  7:53  Viking x2  
  68  8:23  Viking  
  68  8:24  Viking x2  
  74  8:36  Viking  
  76  8:53  Viking  
  76  8:54  Viking x2  
  80  8:59  Orbital Command  
  78  9:06  Viking  
  78  9:09  Weapon Refit  
  80  9:17  Refinery  
  80  9:23  Viking, Refinery  
  80  9:24  Viking x2  
  80  9:36  Viking  
  80  9:52  Terran Vehicle Weapons Level 1  
  80  9:53  Viking, Terran Vehicle And Ship Armor Level 1  
  80  9:54  Viking, Terran Ship Weapons Level 1  
  80  9:56  Terran Infantry Weapons Level 1  
  80  9:59  Supply Depot  
  84  10:04  Terran Infantry Armor Level 1  
  84  10:17  Siege Tank  
  87  10:28  SCV  
  88  10:40  SCV  
  89  10:52  SCV  
  72  11:13  Viking x3  
  72  11:14  Viking  
  80  11:21  Siege Tank  
  80  11:23  Marine  
  80  11:24  Marine  
  82  11:41  Marine x2  
  82  11:43  Viking x3  
  90  11:53  Siege Tank  
  93  11:59  Marine x2  
  75  12:16  Marine  
  75  12:17  Marine  
  76  12:25  Siege Tank  
  76  12:57  Siege Tank  
  79  12:58  Terran Infantry Armor Level 2  
  79  13:00  Terran Infantry Weapons Level 2  
  79  13:04  Supply Depot  
  79  13:19  SCV  
  80  13:22  Battlecruiser x2  
  80  13:23  Battlecruiser x2  
  104  13:31  SCV  
  105  13:43  SCV  
  106  13:52  Supply Depot  
  106  13:56  Command Center  
  103  14:18  Missile Turret  
  103  14:27  Battlecruiser  
  100  14:44  Viking x2  
  100  14:45  Viking  
  104  15:03  Refinery x2  
  104  15:05  Thor  
  101  15:07  Marine  
  101  15:08  Marine  
  101  15:13  Missile Turret  
  103  15:14  Viking x2  
  103  15:15  Viking  
  109  15:25  Marine  
  109  15:26  Marine  
  102  15:31  Viking  
  98  15:42  Orbital Command  
  92  15:43  Marine x2  
  92  15:44  Viking x2  
  92  15:45  Viking  
  92  15:48  Thor  
  106  16:00  Viking  
  106  16:01  Marine x2  
  110  16:14  Viking x2  
  110  16:15  Viking  
  112  16:30  Viking, Thor  
  120  16:44  Viking x3  
  126  17:00  Viking  
  128  17:13  Thor, Terran Vehicle Weapons Level 2  
  128  17:14  Viking x3, Terran Vehicle And Ship Armor Level 2  
  140  17:16  Terran Ship Weapons Level 2  
  140  17:18  Rapid Reignition System  
  136  17:30  Viking  
  138  17:44  Viking x3  
  140  18:05  Missile Turret  
  126  18:14  Advanced Ballistics  
  126  18:16  Viking x4  
  128  18:46  Viking x4  
  136  18:54  Missile Turret  
  136  19:15  Missile Turret  
  136  19:37  Missile Turret  
  136  19:42  Viking x3  
  136  19:43  Viking  
  144  19:46  Terran Infantry Weapons Level 3  
  144  19:48  Terran Infantry Armor Level 3  
  144  19:58  Missile Turret  
  144  20:11  Missile Turret  
  144  20:12  Viking x4  
  152  20:20  Missile Turret  
  152  20:23  Missile Turret  
  150  20:32  Missile Turret  
  150  20:42  Viking x4  
  137  21:12  Viking x4  
  137  21:16  Missile Turret  
  137  21:17  Missile Turret  
  130  21:19  Missile Turret  
  130  21:20  Missile Turret  
  130  21:23  Command Center  
  98  21:42  Viking x4  
  98  22:12  Battlecruiser x2  
  98  22:13  Battlecruiser x2  
  122  22:22  Refinery  
  122  22:23  Neosteel Armor  
  122  22:24  Refinery  
  122  22:25  Hi-Sec Auto Tracking  
  122  22:27  Thor  
  112  22:54  Terran Vehicle Weapons Level 3  
  104  23:13  Missile Turret, Planetary Fortress  
  104  23:16  Battlecruiser  
  104  23:17  Battlecruiser  
  116  23:34  Missile Turret  
  116  23:42  Thor  
  80  24:14  Viking x2  
  78  24:20  Viking  
  78  24:21  Viking  
  76  24:25  Thor  
  73  24:44  Viking x2  
  74  24:50  Viking  
  74  24:51  Viking  
  63  25:08  Thor  
  63  25:14  Viking  
  71  25:20  Viking  
  71  25:21  Viking  
  55  25:43  Missile Turret  
Show
View Real Time Build Order
Export as new Build Order

Lightning Zerg 

Build Orders: Pool First, Muta Ling Bane 

Get SALT Encoding   

  12  0:03  Drone  
  13  0:09  Drone  
  14  0:18  Overlord  
  14  0:39  Spawning Pool, Drone  
  14  0:43  Drone  
  14  0:47  Drone  
  16  1:01  Drone x2  
  18  1:06  Extractor  
  17  1:12  Drone  
  18  1:20  Evolution Chamber  
  18  1:24  Drone  
  18  1:26  Queen  
  20  1:35  Drone  
  21  1:57  Drone  
  21  1:59  Overlord, Hatchery  
  21  2:04  Extractor  
  20  2:10  Drone  
  20  2:14  Lair  
  21  2:23  Drone  
  21  2:29  Drone  
  24  2:37  Drone x3  
  26  2:45  Metabolic Boost  
  26  3:01  Roach Warren  
  26  3:04  Baneling Nest  
  24  3:07  Drone x2  
  24  3:09  Drone  
  27  3:13  Drone  
  28  3:21  Drone x2  
  28  3:23  Drone  
  31  3:29  Drone  
  32  3:35  Queen  
  32  3:39  Drone  
  35  3:46  Zerg Melee Weapons Level 1  
  35  3:56  Overlord  
  35  3:57  Overlord  
  35  3:58  Overlord  
  35  4:13  Overlord x2  
  35  4:14  Overlord  
  35  4:35  Drone x5  
  35  4:36  Drone, Infestation Pit  
  40  4:48  Spire  
  39  4:57  Drone x5  
  44  5:08  Drone x2  
  44  5:11  Drone  
  47  5:18  Hydralisk Den  
  46  5:23  Evolution Chamber, Hive  
  45  5:31  Extractor  
  45  5:35  Extractor  
  43  5:40  Zerg Ground Armor Level 1  
  43  5:55  Hatchery  
  42  6:00  Zergling x10  
  42  6:01  Zergling x4  
  42  6:04  Zergling x10  
  52  6:09  Zerg Missile Weapons Level 1  
  54  6:21  Drone x2  
  56  6:27  Drone  
  57  6:42  Lurker Den  
  56  6:47  Spire  
  56  6:48  Zergling x10  
  56  6:49  Zergling x2  
  61  6:58  Centrifical Hooks  
  61  7:00  Drone x5  
  66  7:08  Queen  
  66  7:09  Extractor  
  66  7:11  Drone  
  66  7:15  Extractor  
  67  7:22  Ultralisk Cavern  
  66  7:27  Mutalisk  
  68  7:31  Zergling x6  
  68  7:32  Zergling x4  
  68  7:34  Zerg Melee Weapons Level 2  
  68  7:36  Overlord x3  
  67  7:45  Spore Crawler  
  67  7:48  Spore Crawler  
  52  7:55  Hydralisk  
  51  8:01  Mutalisk  
  51  8:02  Hydralisk x2  
  50  8:39  Queen  
  52  8:42  Hydralisk x3  
  58  8:51  Drone x3  
  57  9:12  Drone  
  57  9:13  Drone x2  
  60  9:18  Drone x3  
  63  9:33  Drone  
  62  9:51  Drone x4  
  62  9:52  Drone x3  
  69  9:59  Drone x3  
  74  10:00  Drone x3  
  74  10:03  Drone x3  
  74  10:04  Drone x2  
  80  10:12  Queen  
  82  10:41  Drone, Mutalisk x2  
  87  10:44  Mutalisk  
  87  10:46  Overlord x2  
  87  10:49  Overlord x3  
  89  10:55  Zerg Flyer Weapons Level 1  
  89  10:56  Zerg Flyer Armor Level 1  
  89  10:58  Zerg Missile Weapons Level 2  
  89  11:29  Mutalisk  
  89  11:30  Mutalisk x4  
  99  11:40  Baneling x5  
  99  11:41  Baneling x7  
  99  11:43  Baneling x6  
  99  11:47  Grooved Spines  
  99  11:57  Mutalisk x4  
  107  12:10  Mutalisk x2  
  107  12:13  Hydralisk  
  106  12:59  Muscular Augments  
  97  13:10  Zerg Flyer Weapons Level 2  
  97  13:12  Zerg Flyer Armor Level 2  
  97  13:17  Zerg Melee Weapons Level 3  
  97  13:18  Zerg Ground Armor Level 2  
  97  13:22  Corruptor x2  
  97  13:23  Corruptor  
  103  13:43  Hatchery  
  103  13:47  Extractor  
  101  13:49  Corruptor x3  
  101  13:53  Extractor  
  101  13:54  Corruptor  
  101  13:55  Corruptor  
  108  13:58  Zergling x4  
  108  13:59  Zergling x4  
  114  14:04  Zergling x6  
  114  14:07  Zergling x8  
  114  14:08  Zergling x2  
  96  15:11  Mutalisk  
  96  15:12  Mutalisk x5  
  108  15:21  Mutalisk  
  108  15:22  Mutalisk x5  
  108  15:23  Corruptor x2  
  124  15:31  Drone x3  
  119  15:56  Baneling x7  
  119  15:57  Baneling x5  
  119  15:58  Baneling x4  
  119  16:33  Corruptor x4  
  119  16:34  Corruptor x2  
  131  16:47  Overlord  
  131  16:48  Overlord x4  
  131  17:00  Hydralisk x2  
  135  17:06  Hydralisk x2  
  135  17:07  Hydralisk  
  141  17:35  Zerg Flyer Weapons Level 3  
  141  17:38  Zerg Flyer Armor Level 3  
  73  19:21  Ultralisk Cavern  
  72  19:29  Zerg Missile Weapons Level 3  
  72  19:31  Zerg Ground Armor Level 3  
  72  19:32  Mutalisk  
  72  19:33  Mutalisk x5  
  72  19:38  Zergling x14  
  89  19:39  Zergling x2  
  89  19:42  Zergling x12  
  98  19:45  Zergling x2  
  98  19:46  Zergling x4  
  103  20:09  Hydralisk x2  
  107  20:15  Glial Reconstitution  
  107  20:21  Ultralisk  
  111  20:26  Ultralisk x2  
  111  20:27  Ultralisk  
  129  20:38  Baneling x2  
  129  20:39  Baneling x5  
  129  20:40  Baneling x4  
  78  21:33  Tunneling Claws  
  78  21:40  Ultralisk x2  
  78  21:43  Hydralisk x5  
  78  21:47  Hydralisk x5  
Tags
 
Add a new tag
Caveats
  • Supply blocks, unpowered buildings, or Contaminate may cause inaccurate times.
  • Supply counts are checked every 10 seconds.